 Dungeon Crawl Stone Soup version 0.16.1-7-g2c6721e (webtiles) character file.

101385 nubinia the Hand of Fortune (level 15, 46/112 HPs)
             Began as a Demonspawn Artificer on Mar 20, 2015.
             Was the Champion of Nemelex Xobeh.
             Quit the game on level 4 of the Swamp on Mar 29, 2015.
             The game lasted 03:59:41 (33474 turns).

nubinia the Hand of Fortune (Demonspawn Artificer) Turns: 33474, Time: 03:59:41

Health: 46/112     AC: 32    Str: 11    XL:     15   Next: 83%
Magic:  38/40      EV: 18    Int: 19    God:    Nemelex Xobeh [******]
Gold:   2664       SH: 15    Dex: 24    Spells: 1 memorised, 13 levels left

rFire  . . .     SeeInvis +     a - +4 war axe of the Sky {elec, -Cast rPois rN+ Dex+5 SInv}
rCold  + + .     Clarity  .     v - +3 shadow dragon armour
rNeg   + + .     SustAb   .     j - +2 shield of Midnight {rPois MP+9 SInv}
rPois  +         Gourm    .     U - +1 helmet "Baoroomotu" {rN+ rCorr Int+2 Stlth-}
rElec  .         Spirit   +     i - +2 cloak {+Inv}
rCorr  +         Warding  .     u - +2 pair of gloves
rMut   .         Stasis   .     N - +2 pair of boots {run}
MR     +....     NoCast   +     M - amulet of guardian spirit
Stlth  +++++++...               r - +4 ring of protection
                                l - +4 ring of evasion

@: flayed, quick, somewhat resistant to hostile enchantments, extremely stealthy
A: claws 1, talons 2, repulsion field 2, blurry vision 1, clever 1, cold
resistance 2, demonic guardian 2, nightstalker 2
a: Triple Draw, Deal Four, Stack Five, Renounce Religion, Evoke Invisibility


You were on level 4 of the Swamp.
You worshipped Nemelex Xobeh.
Nemelex Xobeh was exalted by your worship.
You were hungry.

You visited 6 branches of the dungeon, and saw 31 of its levels.

You collected 3174 gold pieces.
You spent 500 gold pieces at shops.

Inventory:

Hand weapons
 a - the +4 war axe of the Sky (weapon) {elec, -Cast rPois rN+ Dex+5 SInv}
   (You found it on level 3 of the Lair of Beasts)

   Occasionally, upon striking a foe, it will discharge some electrical energy
   and cause terrible harm.
   It affects your dexterity (+5).
   It protects you from poison.
   It protects you from negative energy.
   It enhances your eyesight.
   It prevents spellcasting.
Armour
 i - a +2 cloak of invisibility (worn)
 j - the +2 shield of Midnight (worn) {rPois MP+9 SInv}
   (You acquired it on level 11 of the Dungeon)

   It protects you from poison.
   It affects your magic capacity (+9).
   It enhances your eyesight.
 u - a +2 pair of gloves (worn)
 v - a +3 shadow dragon armour (worn)
 N - a +2 pair of boots of running (worn)
 U - the +1 helmet "Baoroomotu" (worn) {rN+ rCorr Int+2 Stlth-}
   (You bought it in a shop on level 4 of the Orcish Mines)

   It affects your intelligence (+2).
   It protects you from negative energy.
   It protects you from acid and corrosion.
   It makes you less stealthy.
Jewellery
 l - a +4 ring of evasion (left hand)
 m - an uncursed ring of teleportation
 p - an uncursed amulet of regeneration
 r - a +4 ring of protection (right hand)
 s - an uncursed amulet of resist mutation
 A - a +2 ring of strength
 M - an amulet of guardian spirit (around neck)
 T - an uncursed ring of flight
Magical devices
 c - a wand of enslavement (20)
 k - a wand of disintegration (1)
 x - a wand of lightning (0)
 L - a wand of invisibility (3)
 Q - a wand of hasting (3)
Scrolls
 n - 3 scrolls of identify
 o - 12 scrolls of teleportation
 w - 5 scrolls of recharging
 I - 3 scrolls of blinking
 K - a scroll of summoning
 P - a scroll of fear
 X - 4 scrolls of remove curse
 Y - 4 scrolls of magic mapping
Potions
 d - a potion of might
 q - 4 potions of agility
 t - a potion of berserk rage
 D - a potion of restore abilities
 E - 3 potions of heal wounds
 F - 2 potions of haste
 H - a potion of resistance
 Z - 7 potions of curing
Miscellaneous
 e - an ornate deck of destruction {drawn: 1}
 h - an ornate deck of war
 y - a plain deck of war
 B - a plain deck of escape
 J - a legendary deck of destruction
 O - a legendary deck of war
 V - a fan of gales (inert)
 W - a legendary deck of escape
Comestibles
 z - 11 fruits


   Skills:
 + Level 8.5 Fighting
   Level 5.1 Short Blades
 + Level 8.1 Axes
 + Level 7.0 Armour
 + Level 10.5 Dodging
 + Level 10.9 Stealth
 * Level 12.8 Shields
 * Level 14.0 Evocations


You had 13 spell levels left.
You knew the following spells:

 Your Spells              Type           Power        Failure   Level  Hunger
a - Animate Skeleton      Necr           N/A          100%        1    ##.....


Dungeon Overview and Level Annotations

Branches:
Dungeon (12/15)            Temple (1/1) D:6            Lair (8/8) D:11
  Swamp (4/5) Lair:5       Spider (0/5) Lair:6        Slime (0/6) Lair:6
    Orc (4/4) D:12            Elf (2/3) Orc:3

Altars:
Ashenzari
Cheibriados
Dithmenos
Elyvilon
Fedhas
Gozag
Kikubaaqudgha
Makhleb
Nemelex Xobeh
Okawaru
Qazlal
Ru
Sif Muna
Trog
Vehumet
Xom
Yredelemnul
Zin
The Shining One
Beogh
Jiyva

Shops:
D:10 (   Orc:4 *![}

Annotations:
D:3 1 runed door
D:8 exclusion: fire dragon
Lair:4 exclusion: oklob plant
Lair:5 exclusion: oklob plant
Swamp:4 Asterion


Innate Abilities, Weirdness & Mutations

You have razor-sharp toenails.
You are surrounded by a moderate repulsion field (EV +3).
A demonic guardian rushes to your aid.
You are significantly more attuned to the shadows.
You have sharp fingernails.
Scrolls take you a little longer to read.
Your mind is acute. (Int +2)
Your flesh is very cold resistant.


Message History

The tree breaks and falls down!
Your orb of destruction hits a tree.
The tree breaks and falls down!
The flayed ghost cries, "Feel what I felt!"
Terrible wounds spread across more of your body!
Your orb of destruction hits a tree.
The tree breaks and falls down!
Your orb of destruction hits a tree.
The tree breaks and falls down!
Asterion casts a spell.
Asterion draws out his weapon's spirit!
Your orb of destruction hits a tree.
The tree breaks and falls down!
A spectral weapon comes into view.
Evoke which item? (* to show all) (? for menu, Esc to quit)
You draw a card...
It is the Hammer.
You have drawn the Hammer.
Press: ? - help, Shift-Dir - straight line, f/p - Asterion
Aim: Asterion, wielding a demon blade of venom, wearing a ring mail and wearing a shield (magical condensation, moderately wounded, fast, covered in terrible wounds, covered in acid) Asterion blocks the iron shot.
The flayed ghost cries, "Suffer as I suffered!"
Terrible wounds spread across more of your body!
Asterion barely misses you. Asterion completely misses you.
Are you sure you want to abandon this character and quit the game? (Confirm with "yes".)

♣♣♣♣♣ ♣.≈≈♣
♣...♣♣♣♣♣♣♣♣
♣♣♣≈<♣♣≈♣≈≈♣
♣.≈≈.@≈§.♣
♣♣≈§§≈HW≈♣♣
♣≈§≈≈§(..§♣
♣≈♣♣≈≈≈≈..≈♣
♣.....≈♣♣
..≈≈≈≈≈♣
..≈≈≈..♣
≈≈≈..♣♣ ..♣♣


You could see Asterion, a flayed ghost and a spectral demon blade of venom.

Vanquished Creatures
  Norris (Swamp:3)
  A deep elf blademaster (Elf:2)
  Rupert (Lair:8)
  An orc warlord (Orc:4)
  The ghost of esc the Fighter, a powerful DsGl of Makhleb (Lair:5)
  A deep elf annihilator (Elf:1)
  A minotaur (Lair:7)
  A fire dragon (Lair:5)
  7 hydras
  A catoblepas (Lair:4)
  Nessos (Swamp:1)
  Erica (Lair:7)
  A death yak (Lair:7)
  5 alligators
  2 dancing weapons (Elf:2)
  5 orc high priests (Orc:4)
  A soul eater (Orc:4)
  A sun demon (Swamp:4)
  6 deep elf knights
  A deep elf summoner (Elf:2)
  5 orc knights
  3 hill giants
  A death drake (Swamp:3)
  2 wizards (Elf:1)
  A swamp dragon (Swamp:3)
  4 deep elf conjurers
  A spectral hydra (Swamp:3)
  A phantasmal warrior (Swamp:3)
  An anubis guard (Swamp:1)
  6 orc sorcerers
  A griffon (Lair:7)
  2 slime creatures (Swamp:3)
  A sixfirhy (Orc:4)
  7 black mambas
  Joseph (Orc:2)
  A small abomination (Elf:2)
  2 cyclopes
  6 elephants
  A rust devil (Orc:4)
  A manticore (D:12)
  Psyche (Orc:1)
  6 spiny frogs
  3 fire drakes
  2 swamp worm zombies (Swamp:3)
  7 trolls
  A giant leech (Swamp:3)
  7 komodo dragons
  2 deep elf priests (Elf:2)
  A blue devil (Orc:4)
  Sonja (D:12)
  A baby alligator (shapeshifter) (Elf:1)
  6 two-headed ogres
  3 ravens
  A spectral swamp dragon (Swamp:3)
  16 bog bodies (Swamp:3)
  2 basilisks
  11 blink frogs
  2 alligator zombies (Swamp:3)
  A ynoxinul (Orc:4)
  3 spriggans
  13 deep elf magi
  A hungry ghost (D:8)
  26 yaks
  4 giant leech zombies (Swamp:3)
  8 deep elf fighters
  Grum (Orc:2)
  11 vampire mosquitoes
  2 wolves (Orc:2)
  4 hippogriffs
  9 insubstantial wisps
  19 water moccasins
  3 wargs
  A mottled dragon (D:10)
  14 swamp worms
  A soldier ant (D:12)
  2 spiny frog zombies (Swamp:3)
  5 porcupines
  4 ice beasts
  A black bear (D:8)
  A necrophage (D:8)
  An eye of draining (D:10)
  47 orc warriors
  3 sky beasts
  2 wasps (Swamp:3)
  A boggart (Elf:1)
  9 centaurs
  6 swamp drakes
  3 phantoms
  16 ogres
  8 crocodiles
  2 big kobolds
  14 giant frogs
  A gnoll sergeant (D:9)
  2 troll zombies (Swamp:3)
  3 scorpions
  10 wights
  A spriggan zombie (Swamp:3)
  2 electric eels
  4 killer bees (D:12)
  4 giant frog zombies
  A quasit (D:10)
  5 crimson imps
  2 goliath beetles
  8 iguanas
  A jelly (D:7)
  Crazy Yiuf (D:7)
  28 orc priests
  11 hounds
  3 giant frog skeletons
  32 orc wizards
  27 sheep
  11 worker ants
  2 mummies
  A hound skeleton (D:11)
  Robin (D:2)
  44 river rats
  8 gnolls (D:9)
  A worker ant zombie (D:9)
  28 adders
  A giant mite (D:10)
  3 shadow imps
  A white imp (Orc:4)
  5 worms
  An adder skeleton (D:3)
  7 giant geckos
  256 orcs
  2 bat skeletons
  22 hobgoblins
  34 kobolds
  12 quokkas
  A ball python (D:1)
  14 bats
  10 giant cockroaches
  7 giant newts
  A giant spore (D:10)
  35 goblins
  15 jackals
  A jackal skeleton (D:4)
  17 rats
  A ballistomycete (D:10)
  14 fungi
  4 plants
1113 creatures vanquished.

Vanquished Creatures (collateral kills)
  Louise (Swamp:3)
  A dire elephant (Lair:4)
  An ettin (Swamp:1)
  4 hydras
  3 death yaks (Lair:7)
  An orc high priest (Orc:4)
  An ice devil (Orc:4)
  A spectral hydra (Swamp:3)
  A deep elf conjurer (Elf:1)
  An orc sorcerer (Orc:4)
  A necromancer (Swamp:3)
  An ugly thing (Lair:8)
  2 elephants (Lair:8)
  A black mamba (Lair:6)
  A komodo dragon (Lair:4)
  A spiny frog (Lair:8)
  A two-headed ogre (Orc:4)
  A slime creature (Swamp:3)
  3 bog bodies (Swamp:3)
  3 spectral swamp dragons (Swamp:3)
  A large abomination (Swamp:3)
  4 yaks
  3 blink frogs (Lair:4)
  2 deep elf magi (Elf:1)
  A deep elf fighter (Elf:1)
  An insubstantial wisp (Lair:8)
  A swamp worm (Swamp:1)
  2 porcupines
  A vampire mosquito (Swamp:2)
  A water moccasin (D:9)
  An ogre (D:5)
  A centaur (D:11)
  Sigmund (D:3)
  A big kobold (D:9)
  A spriggan zombie (Swamp:3)
  A wight (D:8)
  An orc priest (Orc:4)
  A sheep (D:11)
  Ijyb (D:6)
  An adder (Lair:6)
  A river rat (Lair:4)
  3 ufetubi (Orc:4)
  26 orcs
  A hobgoblin (D:1)
  A giant gecko (D:1)
  A kobold (D:7)
  A rat (D:8)
91 creatures vanquished.

Vanquished Creatures (others)
  Nergalle (D:11)
  2 sun demons (Swamp:3)
  An ice devil (Swamp:1)
  2 ugly things (Lair:8)
  A sixfirhy (Swamp:3)
  A centaur skeleton (D:11)
  A yaktaur (Orc:4)
  A troll (D:11)
  4 ravens
  A polar bear (Lair:4)
  A deep elf mage (D:11)
  4 air elementals
  A mottled dragon (Swamp:2)
  A vampire mosquito (Lair:8)
  A hell hound (Swamp:3)
  An ice beast (Swamp:2)
  A boring beetle (Lair:4)
  6 centaurs
  A wight (D:8)
  16 crimson imps
  24 iron imps
  25 quasits
  4 gnolls (D:11)
  25 white imps
  27 ufetubi
  A hobgoblin (D:1)
  5 fungi
  A plant (Swamp:3)
  12 toadstools (Lair:4)
172 creatures vanquished.

Grand Total: 1376 creatures vanquished

Notes
Turn   | Place    | Note
--------------------------------------------------------------
     0 | D:1      | nubinia, the Demonspawn Artificer, began the quest for the Orb.
     0 | D:1      | Reached XP level 1. HP: 15/15 MP: 1/1
   178 | D:1      | Reached skill level 1 in Short Blades
   365 | D:1      | Gained mutation: You have sharp toenails. [demonic ancestry]
   365 | D:1      | Reached XP level 2. HP: 16/21 MP: 3/3
   657 | D:1      | Reached skill level 1 in Stealth
  1234 | D:1      | Reached XP level 3. HP: 26/26 MP: 4/4
  1385 | D:2      | Gained mutation: You have sharp fingernails. [potion of beneficial mutation]
  1502 | D:2      | Noticed Terence
  1547 | D:2      | Noticed Robin
  1816 | D:2      | Found a glowing golden altar of the Shining One.
  1817 | D:2      | Found a blossoming altar of Fedhas.
  1835 | D:2      | Found a shimmering altar of Xom.
  1840 | D:2      | Found a burning altar of Makhleb.
  2066 | D:2      | Gained mutation: A weak demonic guardian rushes to your aid. [demonic ancestry]
  2066 | D:2      | Reached XP level 4. HP: 32/32 MP: 6/6
  2199 | D:2      | Noticed Terence
  2199 | D:2      | Terence changed into Terence the river rat
  2228 | D:1      | Killed Terence the river rat
  2435 | D:2      | Killed Robin
  2435 | D:2      | Reached skill level 1 in Armour
  2737 | D:3      | Found a glowing silver altar of Zin.
  2739 | D:3      | Found a runed door.
  2739 | D:3      | Noticed an angel
  2809 | D:3      | Found a stormy altar of Qazlal.
  2895 | D:3      | Gained mutation: You are surrounded by a mild repulsion field (EV +2). [demonic ancestry]
  2895 | D:3      | Reached XP level 5. HP: 27/37 MP: 8/8
  3340 | D:3      | Noticed Sigmund
  3353 | D:3      | Killed Sigmund
  3664 | D:3      | Gained mutation: You are slightly more attuned to the shadows. [demonic ancestry]
  3664 | D:3      | Reached XP level 6. HP: 44/44 MP: 9/9
  4662 | D:5      | Entered Level 5 of the Dungeon
  5266 | D:5      | Reached skill level 4 in Dodging
  5847 | D:6      | Found a staircase to the Ecumenical Temple.
  5861 | Temple   | Entered the Ecumenical Temple
  5925 | Temple   | Became a worshipper of Nemelex Xobeh the Trickster
  6014 | D:6      | Gained mutation: You are surrounded by a moderate repulsion field (EV +3). [demonic ancestry]
  6014 | D:6      | Reached XP level 7. HP: 46/51 MP: 11/11
  6103 | D:6      | Noticed Ijyb
  6110 | D:6      | Killed Ijyb
  6162 | D:6      | Received a gift from Nemelex Xobeh
  6874 | D:7      | Noticed a hill giant
  6935 | D:7      | Reached skill level 1 in Shields
  6971 | D:7      | Reached skill level 5 in Dodging
  6971 | D:7      | Reached XP level 8. HP: 50/58 MP: 13/13
  7145 | D:7      | Received a gift from Nemelex Xobeh
  7587 | D:7      | Noticed Crazy Yiuf
  7593 | D:7      | Killed Crazy Yiuf
  7629 | D:7      | Reached skill level 5 in Stealth
  7882 | D:8      | Found a white marble altar of Elyvilon.
  7918 | D:8      | Reached skill level 6 in Dodging
  8230 | D:8      | Reached XP level 9. HP: 60/64 MP: 16/16
  8394 | D:8      | Reached skill level 5 in Evocations
  8410 | D:8      | Received a gift from Nemelex Xobeh
  8602 | D:8      | Noticed a fire dragon
  8911 | D:8      | Received a gift from Nemelex Xobeh
  9586 | D:9      | Found a glowing golden altar of the Shining One.
  9655 | D:9      | Received a gift from Nemelex Xobeh
  9883 | D:9      | Found a snail-covered altar of Cheibriados.
  9911 | D:9      | Reached skill level 7 in Dodging
 10324 | D:9      | Acquired Nemelex Xobeh's first power
 10879 | D:10     | Entered Level 10 of the Dungeon
 10879 | D:10     | Received a gift from Nemelex Xobeh
 11034 | D:10     | Got a faintly glowing long sword
 11035 | D:10     | Identified the cursed -1 long sword "Xoigg" {pain, rElec rF+ MR+ Int-5 Stlth+} (You found it on level 10 of the Dungeon)
 11205 | D:10     | Noticed a hill giant
 11214 | D:10     | Killed a hill giant
 11214 | D:10     | Reached XP level 10. HP: 71/71 MP: 20/20
 11295 | D:10     | Found Wafe's Weapon Boutique.
 11908 | D:11     | Reached skill level 8 in Dodging
 11917 | D:11     | Received a gift from Nemelex Xobeh
 12046 | D:11     | Noticed a cyclops
 12073 | D:11     | Killed a cyclops
 12085 | D:11     | Identified a scroll of acquirement
 12086 | D:11     | Got a fine shield
 12097 | D:11     | Identified the +2 shield of Midnight {rPois MP+9 SInv} (You acquired it on level 11 of the Dungeon)
 12367 | D:11     | Reached skill level 5 in Shields
 12390 | D:11     | Received a gift from Nemelex Xobeh
 12410 | D:11     | Noticed Nergalle
 12426 | D:11     | Killed Nergalle
 12450 | D:11     | Found a staircase to the Lair.
 12459 | Lair:1   | Entered Level 1 of the Lair of Beasts
 12472 | Lair:1   | Acquired Nemelex Xobeh's second power
 12609 | Lair:1   | Gained mutation: You have razor-sharp toenails. [demonic ancestry]
 12609 | Lair:1   | Reached XP level 11. HP: 78/78 MP: 22/22
 12805 | Lair:1   | Received a gift from Nemelex Xobeh
 13393 | Lair:2   | Received a gift from Nemelex Xobeh
 13534 | Lair:2   | Received a gift from Nemelex Xobeh
 14495 | Lair:2   | Reached skill level 9 in Dodging
 14584 | Lair:2   | Reached skill level 5 in Short Blades
 14758 | Lair:2   | Acquired Nemelex Xobeh's third power
 14856 | Lair:2   | Received a gift from Nemelex Xobeh
 15052 | Lair:3   | Noticed a four-headed hydra
 15053 | Lair:3   | Killed a four-headed hydra
 15224 | Lair:3   | Received a gift from Nemelex Xobeh
 15257 | Lair:3   | Identified a +0 pair of boots of running (You acquired it on level 3 of the Lair of Beasts)
 15635 | Lair:3   | Got a crude war axe
 15636 | Lair:3   | Identified the +4 war axe of the Sky {elec, -Cast rPois rN+ Dex+5 SInv} (You found it on level 3 of the Lair of Beasts)
 16140 | Lair:4   | Received a gift from Nemelex Xobeh
 16329 | Lair:4   | Reached skill level 1 in Axes
 16338 | Lair:4   | Noticed a four-headed hydra
 16352 | Lair:4   | Reached skill level 5 in Fighting
 16616 | Lair:4   | Noticed a dire elephant
 16616 | Lair:4   | Noticed a catoblepas
 16684 | Lair:4   | Killed a dire elephant
 16684 | Lair:4   | Reached XP level 12. HP: 77/86 MP: 25/25
 17696 | Lair:5   | Received a gift from Nemelex Xobeh
 17720 | Lair:5   | Found a staircase to the Swamp.
 17865 | Lair:5   | Noticed a seven-headed hydra
 17895 | Lair:5   | Noticed a fire dragon
 17895 | Lair:5   | a seven-headed hydra changed into a fire dragon
 17904 | Lair:5   | Killed a fire dragon
 17904 | Lair:5   | Reached skill level 10 in Evocations
 18035 | Lair:5   | Killed a four-headed hydra
 18088 | Lair:5   | Noticed esc's ghost (powerful DsGl)
 18107 | Lair:5   | Killed esc's ghost
 18557 | Lair:4   | Killed a catoblepas
 18782 | Lair:6   | Received a gift from Nemelex Xobeh
 18789 | Lair:6   | Found a hole to the Spider Nest.
 18842 | Lair:6   | Reached skill level 5 in Armour
 19273 | Lair:6   | Reached skill level 11 in Evocations
 19407 | Lair:6   | Found a staircase to the Slime Pits.
 19407 | Lair:6   | Found a viscous altar of Jiyva.
 19647 | Lair:6   | Noticed a four-headed hydra
 19653 | Lair:6   | Gained mutation: Your mind is acute. (Int +2) [helix card]
 19803 | Lair:6   | Killed a four-headed hydra
 19803 | Lair:6   | Reached XP level 13. HP: 93/93 MP: 27/27
 19912 | Lair:6   | Received a gift from Nemelex Xobeh
 20107 | Lair:7   | Noticed Erica
 20117 | Lair:7   | Killed Erica
 20361 | Lair:7   | Received a gift from Nemelex Xobeh
 20876 | Lair:8   | Entered Level 8 of the Lair of Beasts
 20911 | Lair:8   | Received a gift from Nemelex Xobeh
 21008 | Lair:8   | Noticed Rupert
 21284 | Lair:8   | Received a gift from Nemelex Xobeh
 21519 | Lair:8   | Killed Rupert
 21887 | D:11     | Reached skill level 10 in Shields
 21887 | D:11     | Reached skill level 12 in Evocations
 21945 | D:11     | Got an encrusted scale mail
 21956 | D:11     | Identified the cursed -3 scale mail of Levity {MR++ Dex-4} (You found it on level 11 of the Dungeon)
 22149 | D:12     | Noticed Sonja
 22155 | D:12     | Killed Sonja
 22316 | D:12     | Received a gift from Nemelex Xobeh
 22348 | D:12     | Reached skill level 10 in Dodging
 22428 | D:12     | Gained mutation: Your flesh is cold resistant. [mutagenic meat]
 22430 | D:12     | Gained mutation: Your flesh is very cold resistant. [mutagenic meat]
 22485 | D:12     | Found a staircase to the Orcish Mines.
 22847 | Orc:1    | Entered Level 1 of the Orcish Mines
 22897 | Orc:1    | Received a gift from Nemelex Xobeh
 23357 | Orc:2    | Received a gift from Nemelex Xobeh
 23357 | Orc:2    | Noticed Joseph
 23367 | Orc:2    | Killed Joseph
 23445 | Orc:2    | Noticed Grum
 23455 | Orc:2    | Killed Grum
 23622 | Orc:2    | Found a roughly hewn altar of Beogh.
 23766 | Orc:2    | Received a gift from Nemelex Xobeh
 24061 | Orc:3    | Found a staircase to the Elven Halls.
 24368 | Orc:1    | Reached skill level 5 in Axes
 24551 | Orc:1    | Noticed Psyche
 24558 | Orc:1    | Killed Psyche
 24629 | Orc:3    | Received a gift from Nemelex Xobeh
 25065 | Orc:4    | Entered Level 4 of the Orcish Mines
 25221 | Orc:4    | Gained mutation: You are significantly more attuned to the shadows. [demonic ancestry]
 25221 | Orc:4    | Reached XP level 14. HP: 96/101 MP: 29/29
 25442 | Orc:4    | Received a gift from Nemelex Xobeh
 25647 | Orc:4    | Found a roughly hewn altar of Beogh.
 25650 | Orc:4    | Noticed an orc warlord
 25677 | Orc:4    | Killed an orc warlord
 26040 | Orc:4    | Found Itatwif's Armour Emporium.
 26152 | Orc:4    | Bought the +1 helmet "Baoroomotu" {rN+ rCorr Int+2 Stlth-} for 465 gold pieces
 26355 | Orc:4    | Found Teetoded's Gadget Shoppe.
 26642 | Orc:4    | Reached skill level 10 in Stealth
 27025 | Orc:4    | Found a roughly hewn altar of Beogh.
 27355 | Orc:4    | Found Phuat's General Store.
 27378 | Orc:4    | Found Tavian Ets' Distillery.
 27389 | Orc:4    | Bought a potion of mutation for 35 gold pieces
 27451 | Orc:4    | Received a gift from Nemelex Xobeh
 27827 | Elf:1    | Entered Level 1 of the Elven Halls
 27930 | Elf:1    | Paralysed by a wizard for 5 turns
 28351 | Elf:1    | Received a gift from Nemelex Xobeh
 28580 | Elf:1    | Found a deep blue altar of Sif Muna.
 29302 | Elf:2    | Reached skill level 13 in Evocations
 29400 | Elf:2    | Found a burning altar of Makhleb.
 29459 | Elf:2    | Received a gift from Nemelex Xobeh
 29613 | Elf:2    | Found a runed gate.
 29614 | Elf:2    | Found a runed gate.
 29620 | Elf:2    | Found a runed gate.
 29641 | Elf:2    | Noticed a deep elf blademaster
 29663 | Elf:2    | Killed a deep elf blademaster
 29663 | Elf:2    | Gained mutation: A demonic guardian rushes to your aid. [demonic ancestry]
 29663 | Elf:2    | Reached XP level 15. HP: 68/110 MP: 25/30
 30067 | Swamp:1  | Entered Level 1 of the Swamp
 30097 | Swamp:1  | Noticed Nessos
 30105 | Swamp:1  | Killed Nessos
 30133 | Swamp:1  | Received a gift from Nemelex Xobeh
 30414 | Swamp:1  | Received a gift from Nemelex Xobeh
 30594 | Swamp:1  | Learned a level 1 spell: Animate Skeleton
 30947 | Swamp:2  | Received a gift from Nemelex Xobeh
 31468 | Swamp:3  | Noticed Louise
 31515 | Swamp:3  | Gained mutation: Scrolls take you a little longer to read. [helix card]
 31758 | Swamp:3  | Received a gift from Nemelex Xobeh
 31796 | Swamp:3  | Noticed Norris
 31806 | Swamp:3  | Killed Norris
 32767 | Swamp:3  | Killed Louise
 32982 | Swamp:3  | Reached skill level 14 in Evocations
 33373 | Swamp:3  | Upgraded the game from 0.16.0-17-g811c1d7 to 0.16.1-7-g2c6721e
 33464 | Swamp:4  | Noticed Asterion
 33473 | Swamp:4  | Noticed a spectral weapon
 33474 | Swamp:4  | Quit the game

Action                   |  1- 3 |  4- 6 |  7- 9 | 10-12 | 13-15 || total
-------------------------+-------+-------+-------+-------+-------++-------
Melee: Short sword       |   154 |   176 |       |       |       ||   330
       Dagger            |       |   165 |   427 |   565 |       ||  1157
       War axe           |       |       |       |   269 |  1350 ||  1619
 Fire: Blowgun           |       |       |     1 |       |       ||     1
Invok: Triple Draw       |       |       |       |    14 |     6 ||    20
 Abil: Evoke Invisibilit |       |       |     1 |       |     1 ||     2
       Evoke Flight      |       |       |       |       |     7 ||     7
Evoke: Wand              |     1 |     3 |     9 |    16 |    14 ||    43
       Deck              |       |       |     3 |    37 |    63 ||   103
       Fan of gales      |       |       |       |       |     2 ||     2
       Stone of tremors  |       |       |       |       |     1 ||     1
  Use: Potion            |     5 |     3 |     2 |     7 |     5 ||    22
       Scroll            |     4 |     4 |    11 |    14 |     7 ||    40
 Stab: Sleeping          |     4 |     5 |    25 |    57 |    93 ||   184
       Paralysed         |       |       |     1 |       |       ||     1
       Distracted        |       |       |       |     7 |    27 ||    34
       Petrified         |       |       |       |     3 |       ||     3
       Invisible         |       |       |       |       |     8 ||     8
  Eat: Chunk             |     4 |    11 |    17 |    29 |    48 ||   109
       Pizza             |       |     1 |     1 |       |       ||     2
       Fruit             |       |       |       |     1 |     1 ||     2
